 Dungeon Crawl Stone Soup version 0.30.0-30-g96aa6591b8 (webtiles) character file.

Game seed: 4166092301721295676

3105880 salammoniac the Pyromancer (level 27, 217/217 HPs)
             Began as a Demonspawn Earth Elementalist on June 30, 2023.
             Was the Champion of Vehumet.
             Escaped with the Orb
             ... and 5 runes on July 1, 2023!
             The game lasted 02:47:32 (74283 turns).

salammoniac the Pyromancer (DsEE)                  Turns: 74283, Time: 02:47:32

Health: 217/217    AC: 26    Str: 11    XL:     27
Magic:  55/55      EV: 12    Int: 62    God:    Vehumet [******]
Gold:   11317      SH:  4    Dex: 15    Spells: 7/70 levels left

rFire   + . .        R - +6 Majin-Bo {spellvamp, MP+6 Int+6}
rCold   . . .        U - orb {mayhem}
rNeg    . . .        V - +4 robe of Folly {Brill Will-∞ Int+8}
rPois   .            z - +0 helmet {SInv}
rElec   .            g - +4 dragonskin cloak
rCorr   .            (gloves unavailable)
SInv    +            Z - +1 pair of boots
Will    .....        G - amulet "Ozxumecw" {RegenMP Rampage Str+4 Int+2}
Stlth   +            d - +6 ring of intelligence
HPRegen 0.56/turn    P - ring of Boamouse {Int+7 SInv}
MPRegen 0.74/turn

%: mayhem, rampage
@: studying 2 skills
A: molten scales 3, hurl damnation, icemail 2, spiny 3, torment resistance 1,
condensation shield, demonic willpower, demonic touch 3, clever 1, MP-powered
wands
0: Orb of Zot
}: 5/15 runes: serpentine, barnacled, slimy, silver, golden
a: Hurl Damnation, Renounce Religion


You escaped.
You worshipped Vehumet.
Vehumet was exalted by your worship.
You visited 13 branches of the dungeon, and saw 59 of its levels.
You visited the Abyss 1 time.
You also visited: Ice Cave and Wizlab.

You collected 14655 gold pieces.
You spent 3338 gold pieces at shops.

Inventory:

Hand Weapons
 R - the +6 Majin-Bo (weapon) {spellvamp, MP+6 Int+6}
   (You took it off a Hellbinder in a wizard's laboratory)

   Int:       It affects your intelligence (+6).
   MP:        It affects your magic capacity (+6).
Armour
 g - the +4 dragonskin cloak (worn)
   (You took it off Tiamat on level 3 of the Realm of Zot)

   Avatar's Aegis: It grants the wearer a chance to resist fire, cold, poison,
   electricity, acid, and negative energy.
 z - a +0 helmet of see invisible (worn)
 U - an orb of mayhem (worn)
 V - the +4 robe of Folly (worn) {Brill Will-∞ Int+8}
   (You bought it in a shop on level 4 of the Dungeon)

   Brill:     It increases the power of your magical spells and halves their MP
   cost (rounding up).
   Will-∞: It reduces your willpower to zero.
   Int:       It affects your intelligence (+8).
 Z - a +1 pair of boots (worn)
Jewellery
 d - a +6 ring of intelligence (left hand)
 r - the ring of Shadows {Umbra +Inv Stlth+}
   (You found it on level 5 of the Pits of Slime)

   [ring of stealth]

   Umbra:     It surrounds you with an aura of shadow, increasing your stealth
   and reducing the accuracy of all others within it.
   +Inv:      It lets you turn invisible.
   Stlth:     It makes you more stealthy.
 B - the ring "Jeydiath" {+Blink rCorr EV+5 Str+2}
   (You took it off a yaktaur captain on level 5 of the Vaults)

   [ring of evasion]

   EV:        It affects your evasion (+5).
   Str:       It affects your strength (+2).
   +Blink:    It lets you blink.
   rCorr:     It protects you from acid and corrosion.
 G - the amulet "Ozxumecw" (around neck) {RegenMP Rampage Str+4 Int+2}
   (You found it in a wizard's laboratory)

   [amulet of magic regeneration]

   It increases your rate of magic regeneration.
   Str:       It affects your strength (+4).
   Int:       It affects your intelligence (+2).
   Rampage:   It bestows one free step when moving towards enemies.
 O - a ring of willpower
 P - the ring of Boamouse (right hand) {Int+7 SInv}
   (You bought it in a shop on level 3 of the Snake Pit)

   [ring of see invisible]

   Int:       It affects your intelligence (+7).
   SInv:      It lets you see invisible.
 S - a ring of flight
Wands
 k - a wand of mindburst (69)
 D - a wand of iceblast (72)
 J - a wand of paralysis (50)
 K - a wand of polymorph (31)
 Q - a wand of flame (194)
 T - a wand of light (55)
 W - a wand of digging (13)
Scrolls
 b - 11 scrolls of magic mapping
 f - 6 scrolls of blinking
 j - 8 scrolls of vulnerability
 n - 15 scrolls of poison
 p - 12 scrolls of enchant weapon
 s - 11 scrolls of amnesia
 v - 7 scrolls of torment
 w - 6 scrolls of silence
 y - 25 scrolls of teleportation
 C - 4 scrolls of summoning
 F - 5 scrolls of brand weapon
 H - 7 scrolls of fog
 L - 13 scrolls of fear
 M - 15 scrolls of enchant armour
 N - 9 scrolls of immolation
Potions
 a - 13 potions of brilliance
 e - 7 potions of magic
 h - 12 potions of haste
 i - 12 potions of curing
 l - 10 potions of lignification
 m - 7 potions of cancellation
 o - 9 potions of might
 q - 15 potions of flight
 t - 4 potions of invisibility
 u - 18 potions of heal wounds
 x - 9 potions of ambrosia
 A - 5 potions of berserk rage
 E - 10 potions of mutation
 I - 15 potions of attraction
 Y - 2 potions of resistance
Miscellaneous
 c - a figurine of a ziggurat


   Skills:
 - Level 18.0 Fighting
 - Level 1.7 Dodging
 - Level 1.7 Stealth
 - Level 22.0 Spellcasting
 - Level 22.0 Conjurations
 - Level 18.0 Necromancy
 - Level 12.0 Transmutations
 - Level 22.0 Fire Magic
 - Level 22.0 Air Magic
 - Level 16.0 Earth Magic
 + Level 7.1 Evocations


You had 7 spell levels left.
You knew the following spells:

 Your Spells              Type           Power      Damage    Failure   Level
a - Iron Shot             Conj/Erth      83%        9d15      0%          6
b - Chain Lightning       Conj/Air       87%        3d116     1%          9
c - Fire Storm            Conj/Fire      87%        8d22      1%          9
d - Ignition              Fire           87%        3d22      1%          8
k - Blink                 Tloc           100%       N/A       1%          2
m - Maxwell's Capacitive  Air            87%        ∞         1%          8
n - Necromutation         Tmut/Necr      77%        N/A       1%          8
p - Passage of Golubria   Tloc           80%        N/A       1%          4
x - Death's Door          Necr           82%        N/A       7%          9

Your spell library contained the following spells:

 Spells                   Type           Power      Damage    Failure   Level
 Beastly Appendage        Tmut           100%       N/A       0%          1
 Magic Dart               Conj           100%       1d8       0%          1
 Necrotise                Necr           100%       1d9       0%          1
 Sandblast                Erth           100%       2d20      0%          1
 Shock                    Conj/Air       100%       1d9       0%          1
 Cigotuvi's Dreadful Rot  Necr/Pois/Air  100%       N/A       0%          2
 Momentum Strike          Conj/Tloc      100%       3d10      0%          2
 Passwall                 Tmut/Erth      100%       N/A       0%          2
 Scorch                   Fire           100%       2d9       0%          2
 Searing Ray              Conj           100%       2d8       0%          2
 Sublimation of Blood     Necr           100%       N/A       0%          2
 Dazzling Flash           Conj/Hex       100%       N/A       0%          3
 Ignite Poison            Fire/Tmut/Pois 100%       N/A       0%          3
 Inner Flame              Hex/Fire       100%       N/A       0%          3
 Mephitic Cloud           Conj/Pois/Air  100%       N/A       0%          3
 Stone Arrow              Conj/Erth      100%       3d13      0%          3
 Swiftness                Air            100%       N/A       0%          3
 Vampiric Draining        Necr           100%       2d13      0%          3
 Volatile Blastmotes      Fire/Tloc      100%       2d18      0%          3
 Airstrike                Air            87%        2d(13-29) 0%          4
 Animate Dead             Necr           100%       N/A       0%          4
 Flame Wave               Conj/Fire      100%       2d21      0%          4
 Fulminant Prism          Conj/Hex       70%        3d29      0%          4
 Iskenderun's Mystic Bla  Conj/Tloc      100%       2d19      0%          4
 Petrify                  Tmut/Erth      100%       N/A       0%          4
 Sticky Flame             Conj/Fire      100%       2d11      0%          4
 Summon Lightning Spire   Summ/Air       100%       N/A       0%          4
 Agony                    Necr           100%       N/A       0%          5
 Borgnjor's Vile Clutch   Necr/Erth      80%        N/A       0%          5
 Freezing Cloud           Conj/Ice/Air   77%        6-21      0%          5
 Irradiate                Conj/Tmut      80%        3d38      0%          5
 Iskenderun's Battlesphe  Conj           100%       2d15      0%          5
 Lee's Rapid Deconstruct  Erth           79%        3d35*     0%          5
 Death Channel            Necr           82%        N/A       0%          6
 Plasma Beam              Fire/Air       87%        2x1d115   0%          6
 Starburst                Conj/Fire      87%        6d22      0%          6
 Orb of Destruction       Conj           87%        9d19      0%          7
 Freeze                   Ice            100%       1d10      1%          1
 Summon Small Mammal      Summ           100%       N/A       1%          1
 Call Imp                 Summ           100%       N/A       1%          2
 Ensorcelled Hibernation  Hex/Ice        100%       N/A       1%          2
 Lesser Beckoning         Tloc           100%       N/A       1%          2
 Call Canine Familiar     Summ           80%        N/A       1%          3
 Frozen Ramparts          Ice            100%       1d16      1%          3
 Gell's Gravitas          Tloc           80%        N/A       1%          3
 Ozocubu's Armour         Ice            80%        N/A       1%          3
 Portal Projectile        Hex/Tloc       100%       N/A       1%          3
 Spider Form              Tmut/Pois      100%       N/A       1%          3
 Summon Guardian Golem    Hex/Summ       80%        N/A       1%          3
 Teleport Other           Tloc           80%        N/A       1%          3
 Tukima's Dance           Hex            80%        N/A       1%          3
 Anguish                  Hex/Necr       66%        N/A       1%          4
 Animate Armour           Summ/Erth      100%       N/A       1%          4
 Ice Form                 Ice/Tmut       100%       N/A       1%          4
 Leda's Liquefaction      Hex/Erth       64%        N/A       1%          4
 Olgreb's Toxic Radiance  Pois           80%        N/A       1%          4
 Summon Ice Beast         Ice/Summ       80%        N/A       1%          4
 Blade Hands              Tmut           72%        N/A       1%          5
 Yara's Violent Unravell  Hex/Tmut       59%        3d22      1%          5
 Simulacrum               Ice/Necr       66%        N/A       1%          6
 Statue Form              Tmut/Erth      100%       N/A       1%          6
 Dragon Form              Tmut           72%        N/A       1%          7
 Spellforged Servitor     Conj/Summ      70%        N/A       1%          7
 Haunt                    Necr/Summ      66%        N/A       2%          7
 Metabolic Englaciation   Hex/Ice        40%        N/A       3%          5
 Summon Mana Viper        Hex/Summ       80%        N/A       3%          5
 Summon Cactus Giant      Summ           40%        N/A       17%         6
 Ozocubu's Refrigeration  Ice            40%        4d16      24%         7
 Malign Gateway           Summ/Tloc      40%        N/A       67%         7
 Borgnjor's Revivificati  Necr           82%        N/A       1%          8
 Discord                  Hex            40%        N/A       100%        8
 Summon Horrible Things   Summ           40%        N/A       100%        8
 Polar Vortex             Ice            40%        N/A       100%        9


Dungeon Overview and Level Annotations

Branches:
Dungeon (15/15)            Temple (1/1) D:6            Lair (5/5) D:10
 Shoals (4/4) Lair:2        Snake (4/4) Lair:2        Slime (5/5) Lair:5
    Orc (2/2) D:12            Elf (3/3) Orc:2        Vaults (5/5) D:14
  Crypt (3/3) Vaults:2       Tomb (3/3) Crypt:3      Depths (4/4) D:15
    Zot (5/5) Depths:4      IceCv (visited)          WizLab (visited)

Altars:
Ashenzari
Cheibriados
Dithmenos
Fedhas
Gozag
Hepliaklqana
Kikubaaqudgha
Makhleb
Nemelex Xobeh
Okawaru
Qazlal
Ru
Sif Muna
Trog
Uskayaw
Vehumet
Wu Jian
Xom
Yredelemnul
Jiyva
Lugonu

Shops:
D:1 (   D:3 ((*=   D:4 [   D:7 !   D:11 :   D:12 (   Orc:2 =((!=:   Snake:2 :
Snake:3 =:=   Vaults:3 :   Vaults:4 ?   Depths:1 (:[[   Depths:4 ?!

Portals:
Hell: Depths:1 Depths:2 Depths:3 Depths:4
Abyss: Lair:3 Depths:1 Depths:3
Pandemonium: Depths:2
Ziggurat: Depths:1

Annotations:
D:2 1 runed translucent door, Crazy Yiuf
Temple 2 transporters
Depths:3 2 transporters, turdburglar's ghost, veteran MiGl


Innate Abilities, Weirdness & Mutations

You are completely covered in molten scales. (AC +4, rF+)
You can hurl damnation.
A meltable icy envelope protects you from harm. (AC +8)
You are completely covered in sharp spines.
You are resistant to unholy torment.
A meltable shield of frost defends you. (SH +4)
You punish those that try to bend your will. (Will+)
Your touch may irresistibly damage your foes and sap their willpower.
Your mind is acute. (Int +4, Str/Dex -1)
You expend magic power (3 MP) to strengthen your wands.


Message History

Casting: Fire Storm (mildly dangerous; 1% risk of failure)
Confirm with . or Enter, or press ? or * to list all spells.
Aiming: Fire Storm (mildly dangerous; 1% risk of failure)
Press: ? - help, Dir - move target, f/p - demonspawn blood saint
Aim: a demonspawn blood saint, wielding a +0 dagger and wearing a +0 robe (almost dead, ally target)
You feel a surge of power!
A raging storm of fire appears!
The great blast of fire engulfs the demonspawn blood saint!!!
You feel better.
The demonspawn blood saint partially resists.
You kill the demonspawn blood saint!
Vehumet accepts your kill.
You feel your power returning.
Casting: Fire Storm (mildly dangerous; 1% risk of failure)
Confirm with . or Enter, or press ? or * to list all spells.
Aiming: Fire Storm (mildly dangerous; 1% risk of failure)
Press: ? - help, Dir - move target, f - you
Okay, then.
A demonspawn corrupter comes into view. It is wielding a +0 dire flail.
The demonspawn corrupter hits your fire vortex with a +0 dire flail!
The demonspawn corrupter kicks your fire vortex!
Something hits the demonspawn corrupter.
Something burns the demonspawn corrupter!
The demonspawn corrupter calls forth creatures from the Abyss!
The demonspawn corrupter calls down the wrath of Lugonu upon you.
The entropic weave corrodes you!
There is a stone staircase leading up here.
You climb upwards.
There is a stone staircase leading down here.
HP restored.
There is a stone staircase leading up here.
You climb upwards.
Level annotation: 1 runed translucent door, Crazy Yiuf You are no longer corroded.
There is a stone staircase leading down here.
Your icy envelope is restored.
There is a stone staircase leading up here.
You climb upwards.
There is a stone staircase leading down here.
There is a staircase leading out of the dungeon here.
You have escaped!

#...........#.#..## #.#
.......####...##.# #.#
#.##############.##############.#
#).♣♣........(..............♣♣...
#.#♣♣..8..8...........8..8..♣♣..#
#..♣♣.......................♣♣..#
#.♣♣♣...÷...................♣♣♣.#
#.♣♣...8..8...........8..8...♣♣.#
..♣♣............@............♣♣.#
##♣♣...8..8...........8..8...♣♣..
# ♣♣...÷...................♣♣♣.#
# ♣...÷...................♣ #.# #
♣..8..8...........8..8..♣ #.# #
♣.......................♣ #.#
################.##############.#
...................###.).....##.#
.###.#############..............#


There were no monsters in sight!

Vanquished Creatures
  3 pandemonium lords
  the Royal Jelly (Slime:5)
  A seraph (D:11)
  2 dread liches (Zot:5)
  5 ancient liches
  6 orbs of fire
  Tiamat (Zot:3)
  23 royal mummies
  Sojobo (Depths:1)
  Parghit (Zot:1)
  5 Killer Klowns (Zot:5)
  The ghost of cheesebisquit the Warrior, a veteran DjIE of Makhleb (Elf:3)
  Bai Suzhen (Vaults:3)
  A curse toe (Zot:4)
  Vashnia (Snake:3)
  A caustic shrike (Depths:4)
  Nikola (Vaults:1)
  A Hellbinder (WizLab)
  13 golden dragons
  3 profane servitors
  the Enchantress (Depths:1)
  2 Tzitzimimeh
  A bone dragon (Abyss:2)
  3 Brimstone Fiends
  5 electric golems
  23 tentacled monstrosities
  2 Ice Fiends
  Zenata (Vaults:1)
  Jorgrun (Snake:1)
  27 Orb Guardians (Zot:5)
  2 deep elf blademasters (Elf:3)
  10 liches
  6 quicksilver dragons
  2 deep elf master archers (Elf:3)
  16 acid blobs
  Asterion (Snake:4)
  3 titans
  An Executioner (Zot:2)
  A kraken (Shoals:4)
  A tentacled starspawn (Abyss:2)
  7 ancient champions
  11 sphinxes
  11 death cobs
  13 storm dragons
  2 daevas (Depths:1)
  Kirke (Snake:2)
  9 tengu reavers
  4 revenants
  2 nagarajas
  6 shadow dragons
  6 draconian knights
  5 draconian monks
  8 frost giants
  3 fire giants (Vaults:5)
  10 azure jellies
  13 rockslimes
  17 vault wardens
  5 draconian scorchers
  Louise (Snake:1)
  2 balrugs
  7 deep elf sorcerers
  2 orc warlords
  4 curse skulls
  Aizul (Snake:1)
  3 ghost moths
  3 deep elf elementalists
  The ghost of monsoonserge the Bewitcher, an adept SpEn of Uskayaw (Elf:1)
  10 quicksilver oozes
  8 draconian shifters
  21 very ugly things
  22 ironbound preservers
  5 draconian stormcallers
  11 ghouls
  2 spectral caustic shrikes (Crypt:3)
  3 cacodemons
  2 reapers
  A spectral juggernaut (Crypt:3)
  2 angels (D:11)
  2 iron dragons (Vaults:5)
  7 draconian annihilators
  3 spriggan defenders (Depths:1)
  A demonspawn corrupter (Zot:1)
  2 caustic shrike skeletons
  2 war gargoyles
  10 vampire knights
  7 green draconians
  2 demonspawn blood saints
  14 ironbound thunderhulks
  7 stone giants
  9 black draconians
  6 bennus
  Azrael (Elf:2)
  3 deep elf demonologists
  4 deep elf annihilators (Elf:3)
  11 purple draconians
  9 yellow draconians
  3 demonspawn black suns (Zot:4)
  A lorocyproca (WizLab)
  A minotaur (Shoals:1)
  16 red draconians
  2 spark wasps (Depths:1)
  25 dire elephants
  14 white draconians
  A blizzard demon (WizLab)
  Josephine (D:10)
  11 deep elf death magi
  11 ettins
  An acid blob zombie (Crypt:2)
  2 crystal guardians
  11 eidola
  2 green deaths (WizLab)
  4 deep elf high priests
  6 merfolk javelineers
  8 merfolk impalers
  19 yaktaur captains
  6 fire dragons
  17 mummy priests
  A spectral golden dragon (Crypt:3)
  An entropy weaver (Vaults:2)
  3 spectral quicksilver dragons (Crypt:3)
  A spectral spriggan (Crypt:3)
  15 jiangshi
  5 rakshasas
  10 great orbs of eyes
  4 ice dragons
  A spectral fenstrider witch (Crypt:3)
  Harold (Orc:1)
  2 quicksilver dragon zombies
  6 hydras
  31 vault guards
  A caustic shrike simulacrum (IceCv)
  7 salamander tyrants
  A juggernaut simulacrum (Crypt:3)
  3 peacekeepers
  A catoblepas (Lair:4)
  4 ogre magi
  10 ironbound frosthearts
  3 death knights
  2 hell beasts (WizLab)
  7 spriggan air magi
  4 centaur warriors
  3 merfolk avatars
  7 boulder beetles
  25 dancing weapons
  18 two-headed ogres
  3 tengu warriors
  9 anacondas
  7 death yaks
  5 deep troll earth magi
  11 merfolk aquamancers
  106 death scarabs
  Erica (D:8)
  2 satyrs
  Urug (Lair:4)
  3 deep troll shamans
  3 orc high priests (Elf:1)
  2 spectral storm dragons (Crypt:3)
  3 thrashing horrors (Abyss:2)
  18 naga warriors
  10 naga sharpshooters
  7 spriggan berserkers
  10 vampire magi
  7 shock serpents
  3 sun demons
  A shock serpent (shapeshifter) (Vaults:5)
  7 soul eaters
  A titan zombie (Tomb:3)
  13 deep elf knights
  6 hell knights
  Amaemon (D:8)
  A spectral death yak (Lair:5)
  10 shadow wraiths
  3 skysharks
  A spectral bunyip (Crypt:3)
  6 spriggans (Depths:1)
  2 wretched stars (Abyss:2)
  4 iron trolls
  22 skeletal warriors
  A skyshark (shapeshifter) (Elf:2)
  2 spectral anacondas
  3 salamander mystics
  8 naga ritualists
  A bunyip zombie (Crypt:3)
  3 sixfirhies
  17 sea snakes
  2 cherubim
  4 glowing orange brains
  2 bog bodies
  2 spriggan simulacra (Shoals:2)
  50 deep trolls
  13 flayed ghosts
  23 harpies
  2 orange crystal statues
  12 wizards
  10 lindwurms
  4 shadow demons
  2 anaconda skeletons
  10 necromancers
  An obsidian statue (Lair:5)
  14 phantasmal warriors
  A tengu zombie (Vaults:2)
  Pikel (D:7)
  5 orc knights
  A spectral iron dragon (Crypt:3)
  A broodmother zombie (Crypt:3)
  30 deep elf pyromancers
  30 deep elf zephyrmancers
  22 ironbound convokers
  11 deep elf archers
  9 mana vipers
  4 shining eyes
  26 salamanders
  A tengu skeleton (Vaults:2)
  A wolf spider (D:15)
  7 cyclopes
  A wolf spider (shapeshifter) (Vaults:5)
  6 orc sorcerers
  2 starcursed masses (Abyss:2)
  28 ugly things
  A spectral ettin (Crypt:3)
  A worldbinder (Abyss:2)
  A sphinx skeleton (Crypt:1)
  32 moths of wrath
  15 manticores
  5 fauns
  2 stone giant skeletons
  An iron dragon skeleton (Crypt:3)
  3 guardian serpents
  3 merfolk sirens
  A smoke demon (Zot:5)
  5 orange demons
  2 spectral centaurs (Crypt:3)
  A dire elephant zombie (Lair:5)
  An apocalypse crab (Abyss:2)
  20 black mambas
  18 vault sentinels
  17 elephants
  2 rust devils (WizLab)
  18 naga magi
  An eye of devastation (Slime:3)
  Joseph (D:7)
  6 water nymphs
  2 gargoyles
  6 cane toads
  An unseen horror (shapeshifter) (Elf:1)
  A torpor snail (Lair:2)
  A shock serpent skeleton (Crypt:1)
  2 rime drakes
  19 yaktaurs
  17 freezing wraiths
  A steelbarb worm zombie (Crypt:3)
  8 unseen horrors
  A yaktaur (shapeshifter) (Vaults:4)
  6 tengu conjurers
  An efreet (D:15)
  5 komodo dragons
  A spectral naga (Crypt:3)
  A yaktaur skeleton (Vaults:2)
  41 guardian mummies
  2 golden dragon simulacra (IceCv)
  6 anaconda simulacra
  2 ancient zymes (Abyss:2)
  An alligator snapping turtle skeleton (Crypt:1)
  A yellow draconian skeleton (Crypt:2)
  A sea snake skeleton (Crypt:3)
  A hydra zombie (Tomb:2)
  2 tormentors (WizLab)
  2 red devils (WizLab)
  3 ice devils (WizLab)
  22 merfolk
  11 trolls
  A harpy zombie (Crypt:3)
  9 meliai
  2 polar bears (Lair:5)
  A polar bear (shapeshifter) (D:15)
  2 wind drakes (shapeshifter)
  4 hellwings
  4 wind drakes
  7 hornets
  13 blink frogs
  9 snapping turtles
  A spectral elephant (Lair:5)
  A harpy skeleton (Crypt:1)
  10 dream sheep
  2 ettin zombies
  9 large abominations
  A spectral black mamba (Crypt:3)
  30 flying skulls
  A centaur simulacrum (Crypt:3)
  89 slime creatures
  A culicivora (Vaults:2)
  4 shadows
  A black mamba zombie (Crypt:1)
  2 ettin skeletons
  6 wyverns
  26 yaks
  4 ushabtiu
  5 ynoxinuls
  20 water elementals
  6 hogs (Snake:2)
  9 humans (D:14)
  3 fire elementals
  4 basilisks
  4 chaos spawn
  11 wraiths
  A human (shapeshifter) (Vaults:5)
  11 golden eyes
  A neqoxec (D:9)
  12 vampire mosquitoes
  Grum (D:11)
  Menkaure (D:5)
  2 steam dragons
  7 small abominations
  An acid dragon (D:14)
  3 harpy simulacra
  2 wargs
  Edmund (D:6)
  A merfolk zombie (Crypt:1)
  3 naga zombies
  38 nagas
  A faun skeleton (Crypt:2)
  A glowing shapeshifter skeleton (Crypt:3)
  9 water moccasins
  4 hell hounds (Elf:2)
  A swamp drake (Orc:1)
  24 orc warriors
  4 black bears
  2 alligator simulacra
  2 elephant zombies (Lair:5)
  2 ogres (shapeshifter) (Elf:1)
  2 wolves (shapeshifter)
  4 wolves
  A swamp dragon zombie (Crypt:1)
  27 ogres
  11 centaurs
  3 elephant skeletons (Lair:5)
  4 phantoms
  Blork the orc (D:4)
  A kobold brigand (D:8)
  A gnoll sergeant (D:8)
  2 necrophages
  A scorpion (shapeshifter) (Elf:1)
  A scorpion (D:3)
  A water moccasin zombie (Crypt:1)
  10 bullfrogs
  An earth elemental (Elf:2)
  A deep troll simulacrum (Shoals:2)
  A cane toad simulacrum (Lair:5)
  5 wights
  An elephant simulacrum (Lair:5)
  2 killer bees (D:8)
  A queen bee zombie (Crypt:1)
  A spriggan skeleton (Crypt:1)
  A yak skeleton (Crypt:2)
  An electric eel (Elf:2)
  A howler monkey (shapeshifter) (Elf:1)
  A crimson imp (Orc:1)
  2 howler monkeys (D:9)
  A wolf skeleton (Crypt:2)
  4 hounds
  3 jellies
  A quasit (Abyss:2)
  11 orc priests
  An iron imp (Orc:1)
  3 sleepcaps
  4 iguanas
  28 orc wizards
  A hell rat (D:10)
  A naga skeleton (Crypt:2)
  40 mummies
  6 gnolls
  7 adders
  A shadow imp (D:8)
  2 white imps
  3 ufetubi
  An adder skeleton (Crypt:3)
  An iguana skeleton (Crypt:2)
  A worm (D:3)
  A dart slug (D:4)
  87 orcs
  8 bats
  13 endoplasms
  3 giant cockroaches
  A hobgoblin (shapeshifter) (Elf:1)
  8 hobgoblins
  6 jackals (D:1)
  2 kobolds (D:4)
  7 quokkas
  7 ball pythons
  3 frilled lizards
  A frilled lizard skeleton (Crypt:3)
  7 goblins
  A goblin skeleton (Crypt:3)
  A goblin zombie (Crypt:2)
  A hobgoblin skeleton (Crypt:1)
  A quokka zombie (Crypt:1)
  3 rats
  2 lurking horrors
  2 starspawn tentacles (Abyss:2)
  4 tentacles (Shoals:4)
2666 creatures vanquished.

Vanquished Creatures (collateral kills)
  2 royal mummies
  A golden dragon (Zot:5)
  A lich (Depths:4)
  An acid blob (Slime:5)
  A tengu reaver (Vaults:5)
  2 fire giants
  An iron dragon (Vaults:5)
  A draconian scorcher (Zot:3)
  An ironbound preserver (Vaults:5)
  A ghoul (Crypt:2)
  A spectral juggernaut (Crypt:3)
  A draconian annihilator (Zot:1)
  A stone giant (Vaults:5)
  A very ugly thing (Zot:3)
  A green draconian (Zot:3)
  A black draconian (Zot:3)
  3 yellow draconians
  A bennu (Tomb:3)
  A mummy priest (Tomb:2)
  A yaktaur captain (Vaults:5)
  2 jiangshi (Depths:1)
  A vampire mage (Crypt:2)
  8 death scarabs
  A moth of wrath (Zot:3)
  An alligator snapping turtle zombie (Crypt:2)
  A yaktaur (Vaults:3)
  An unseen horror (Depths:3)
  A yellow draconian zombie (Crypt:3)
  9 guardian mummies
  A harpy skeleton (Crypt:3)
  2 flying skulls
  5 slime creatures
  A spriggan (Depths:1)
  A water elemental (Depths:2)
  A wraith (Vaults:2)
  A golden eye (Slime:3)
  A floating eye (Depths:1)
  A necrophage (Crypt:3)
  8 mummies
  28 fire vortices
99 creatures vanquished.

Vanquished Creatures (others)
  An orb of fire (Zot:5)
  A draconian monk (Zot:4)
  A bennu (Tomb:3)
  A black draconian (Zot:4)
  A white draconian (Zot:3)
  A vault guard (D:14)
  An ice devil (D:12)
  A human (Snake:2)
  A shadow imp (Orc:1)
  590 fire vortices
599 creatures vanquished.

Grand Total: 3364 creatures vanquished

Notes
Turn   | Place    | Note
-------+----------+-------------------------------------------
     0 | D:1      | salammoniac the Demonspawn Earth Elementalist began the
                  | quest for the Orb.
     0 | D:1      | Reached XP level 1. HP: 13/13 MP: 3/3
   113 | D:1      | Gained mutation: Your touch may inflict minor irresistible
                  | damage on your foes. [demonic ancestry]
   113 | D:1      | Reached XP level 2. HP: 20/20 MP: 3/5
   182 | D:1      | Found a faded altar of an unknown god.
   373 | D:1      | Reached skill level 1 in Fighting
   490 | D:1      | Reached skill level 1 in Conjurations
   957 | D:1      | Found Mifri's Antique Weapon Shoppe.
  1117 | D:2      | Found a runed translucent door.
  1118 | D:2      | Noticed Crazy Yiuf
  1190 | D:2      | Gained mutation: You are partially covered in molten
                  | scales. (AC +2) [demonic ancestry]
  1190 | D:2      | Reached XP level 3. HP: 26/26 MP: 2/6
  1355 | D:2      | Reached XP level 4. HP: 32/32 MP: 3/8
  2120 | D:2      | Learned a level 3 spell: Stone Arrow
  2121 | D:3      | Found Selutzeiw's Assorted Antiques.
  2144 | D:3      | Found Pekh's Jewellery Boutique.
  2154 | D:3      | Noticed a scorpion
  2166 | D:3      | Killed a scorpion
  2167 | D:3      | Gained mutation: Your touch may inflict irresistible damage
                  | on your foes. [demonic ancestry]
  2167 | D:3      | Reached XP level 5. HP: 38/38 MP: 1/9
  2349 | D:3      | Found Asch's Weapon Emporium.
  2490 | D:3      | Found Hyonweb's Weapon Boutique.
  3153 | D:4      | Noticed Blork the orc
  3153 | D:4      | Noticed an ogre
  3520 | D:4      | Found Hygaim's Antique Armour Shoppe.
  3533 | D:4      | Killed Blork the orc
  3534 | D:4      | Gained mutation: A meltable shield of frost defends you.
                  | (SH +4) [demonic ancestry]
  3534 | D:4      | Reached XP level 6. HP: 25/46 MP: 1/11
  3841 | D:4      | Reached XP level 7. HP: 17/52 MP: 1/12
  4020 | D:4      | Reached skill level 1 in Air Magic
  4212 | D:4      | Reached skill level 1 in Fire Magic
  4822 | D:4      | Identified a scroll of acquirement
  4822 | D:4      | Acquired the +8 orange crystal plate armour {Archmagi,
                  | Int+3 Clar}
  4822 | D:4      | Found the +8 orange crystal plate armour {Archmagi, Int+3
                  | Clar}
  4849 | D:5      | Entered Level 5 of the Dungeon
  5353 | D:5      | Gained mutation: You are partially covered in sharp spines.
                  | [demonic ancestry]
  5353 | D:5      | Reached XP level 8. HP: 54/60 MP: 12/14
  5665 | D:5      | Noticed Menkaure
  5671 | D:5      | Killed Menkaure
  5813 | D:6      | Noticed Edmund
  5821 | D:6      | Killed Edmund
  5822 | D:6      | Reached skill level 5 in Earth Magic
  6136 | D:6      | Identified the +1 chain mail "Rentiodgh" {Harm rCorr Str+2}
  6225 | D:6      | Found a staircase to the Ecumenical Temple.
  6295 | Temple   | Entered the Ecumenical Temple
  6295 | Temple   | Found a transporter.
  6295 | Temple   | Found a transporter.
  6297 | Temple   | Found a transporter.
  6297 | Temple   | Found a transporter.
  6307 | Temple   | Became a worshipper of Vehumet
  6352 | D:7      | Reached skill level 5 in Spellcasting
  6399 | D:7      | Found Kuxtul's Distillery.
  6471 | D:7      | Reached XP level 9. HP: 67/67 MP: 8/16
  6504 | D:7      | Reached skill level 5 in Fighting
  6504 | D:7      | Reached skill level 5 in Conjurations
  6549 | D:7      | Found a broken altar of Ashenzari.
  6676 | D:7      | Found an iron altar of Okawaru.
  6885 | D:7      | Noticed Pikel
  6897 | D:7      | Killed Pikel
  6924 | D:7      | Noticed Joseph
  6930 | D:7      | Killed Joseph
  7630 | D:8      | Noticed a two-headed ogre
  7635 | D:8      | Killed a two-headed ogre
  7635 | D:8      | Reached * piety under Vehumet
  7635 | D:8      | Offered knowledge of Kiss of Death by Vehumet.
  7636 | D:8      | Reached XP level 10. HP: 76/76 MP: 5/19
  7830 | D:8      | Noticed Erica
  7838 | D:8      | Killed Erica
  7927 | D:8      | Noticed an orange demon
  7928 | D:8      | Noticed Amaemon
  7935 | D:8      | Killed Amaemon
  7936 | D:8      | Reached skill level 5 in Air Magic
  7943 | D:8      | Killed an orange demon
  7944 | D:8      | Reached skill level 5 in Fire Magic
  8284 | D:8      | Found a transporter.
  8288 | D:8      | Noticed a white ugly thing
  8291 | D:8      | Noticed a white ugly thing
  8523 | D:8      | Found a transporter.
  9620 | D:10     | Entered Level 10 of the Dungeon
  9620 | D:10     | Noticed a death yak
  9620 | D:10     | Noticed a death yak
  9687 | D:10     | Found a staircase to the Lair.
  9691 | D:10     | Noticed a death yak
  9724 | D:10     | Noticed Josephine
  9802 | D:9      | Killed a death yak
  9890 | D:9      | Gained mutation: Your touch may irresistibly damage your
                  | foes and sap their willpower. [demonic ancestry]
  9890 | D:9      | Reached XP level 11. HP: 26/82 MP: 13/21
 10088 | D:10     | Offered knowledge of Static Discharge by Vehumet.
 10176 | D:10     | Killed Josephine
 10176 | D:10     | Reached ** piety under Vehumet
 10191 | D:10     | Noticed a two-headed ogre
 10196 | D:10     | Killed a two-headed ogre
 10442 | D:10     | Killed a death yak
 10456 | D:10     | Killed a death yak
 10714 | D:10     | Found an ornate altar of the Wu Jian Council.
 10842 | D:10     | Noticed a two-headed ogre
 10848 | D:10     | Killed a two-headed ogre
 10907 | D:10     | Found a hide-covered altar of Uskayaw.
 10907 | D:10     | Found a blossoming altar of Fedhas.
 10945 | D:10     | You fall into a shaft and drop 1 floor!
 10958 | D:11     | Noticed a two-headed ogre
 10965 | D:11     | Killed a two-headed ogre
 11058 | D:11     | Found Sallocyx's Tremendous Tomes.
 11324 | D:11     | Identified the staff of cold "Etsiniwk" {rPois rF+ rC+
                  | Int+2}
 11376 | D:11     | Noticed Grum
 11377 | D:11     | Noticed a two-headed ogre
 11395 | D:12     | Noticed a purple ugly thing
 11435 | D:12     | Killed a purple ugly thing
 11841 | D:11     | Offered knowledge of Ignite Poison by Vehumet.
 11843 | D:11     | Killed Grum
 11850 | D:11     | Killed a two-headed ogre
 11851 | D:11     | Gained mutation: You are mostly covered in molten scales.
                  | (AC +3) [demonic ancestry]
 11851 | D:11     | Reached XP level 12. HP: 80/93 MP: 8/24
 12062 | D:11     | Found a sacrificial altar of Ru.
 12541 | Lair:1   | Entered Level 1 of the Lair of Beasts
 12560 | Lair:1   | Identified the +2 leather armour of Zitsuxt {Slay+3 SInv}
 12845 | Lair:1   | Identified the +6 long sword of Cioxzo {flame, rF++}
 13327 | Lair:2   | Reached *** piety under Vehumet
 13441 | Lair:2   | Found a dark tunnel.
 13451 | Lair:2   | Found a staircase to the Snake Pit.
 13614 | Lair:2   | Identified the +10 quarterstaff of Fundamental Breach
                  | {freeze, rF+ Int+2}
 13629 | Lair:2   | Noticed an eight-headed hydra
 13636 | Lair:2   | Killed an eight-headed hydra
 13963 | Lair:2   | Found a staircase to the Shoals.
 14268 | Lair:3   | You fall into a shaft and drop 1 floor!
 14272 | Lair:4   | Offered knowledge of Mephitic Cloud by Vehumet.
 14385 | Lair:4   | Noticed Urug
 14465 | Lair:4   | Noticed a seven-headed hydra
 14465 | Lair:4   | Noticed a catoblepas
 14473 | Lair:4   | Killed a seven-headed hydra
 14503 | Lair:4   | Killed a catoblepas
 14627 | Lair:3   | Noticed a death yak
 14629 | Lair:3   | Noticed a death yak
 14633 | Lair:3   | Noticed a death yak
 14686 | Lair:4   | Noticed a four-headed hydra
 14692 | Lair:4   | Killed a four-headed hydra
 14693 | Lair:4   | Gained mutation: You are mostly covered in sharp spines.
                  | [demonic ancestry]
 14693 | Lair:4   | Reached XP level 13. HP: 101/101 MP: 14/25
 14783 | Lair:4   | Killed Urug
 15048 | Lair:4   | Reached **** piety under Vehumet
 15157 | Lair:4   | Offered knowledge of Lee's Rapid Deconstruction by Vehumet.
 15183 | Lair:4   | Identified the +2 rapier of Annoyance {flame, Stlth+}
 15290 | Lair:4   | Found a burning altar of Makhleb.
 15935 | Lair:3   | Found a corrupted altar of Lugonu.
 15991 | Lair:3   | Found a one-way gate to the infinite horrors of the Abyss.
 16620 | Lair:3   | Found a one-way gate to the infinite horrors of the Abyss.
 16634 | Lair:3   | Found a corrupted altar of Lugonu.
 17978 | Lair:2   | Found a staircase to the Snake Pit.
 18371 | Lair:2   | Found a staircase to the Shoals.
 19023 | Lair:4   | Found a burning altar of Makhleb.
 19354 | Lair:5   | Entered Level 5 of the Lair of Beasts
 19382 | Lair:5   | Noticed a dire elephant
 19382 | Lair:5   | Noticed a dire elephant
 19382 | Lair:5   | Noticed a dire elephant
 19382 | Lair:5   | Noticed a dire elephant
 19730 | Lair:5   | Reached skill level 10 in Conjurations
 19855 | Lair:5   | Found a staircase to the Slime Pits.
 19977 | Lair:5   | Reached skill level 10 in Fighting
 20234 | Lair:5   | Found a viscous altar of Jiyva.
 20552 | D:4      | Bought the +4 robe of Folly {Brill Will-∞ Int+8} for 1246
                  | gold pieces
 20552 | D:4      | Found the +4 robe of Folly {Brill Will-∞ Int+8}
 20817 | Lair:5   | Learned a level 5 spell: Lee's Rapid Deconstruction
 20908 | Lair:5   | Killed a dire elephant
 21283 | Lair:5   | Reached skill level 10 in Earth Magic
 21584 | Lair:5   | Killed a dire elephant
 21585 | Lair:5   | Gained mutation: You punish those that try to bend your
                  | will. (Will+) [demonic ancestry]
 21585 | Lair:5   | Reached XP level 14. HP: 94/111 MP: 20/27
 22099 | Lair:5   | Found a staircase to the Slime Pits.
 22099 | Lair:5   | Found a viscous altar of Jiyva.
 23116 | D:12     | Reached skill level 10 in Spellcasting
 23150 | D:12     | Found the necklace of Bloodlust {Fury *Rage Will++ Int-3
                  | Slay+6}
 23784 | D:12     | Found Poidghipn's Weapon Shop.
 23784 | D:12     | Found a staircase to the Orcish Mines.
 23788 | D:12     | Reached ***** piety under Vehumet
 23885 | D:12     | Offered knowledge of Freezing Cloud by Vehumet.
 23892 | D:12     | Learned a level 5 spell: Freezing Cloud
 24241 | D:13     | Found a sparkling altar of Nemelex Xobeh.
 24356 | D:13     | Learned a level 6 spell: Iron Shot
 24559 | D:14     | Found a shadowy altar of Dithmenos.
 25494 | D:14     | Found a gate to the Vaults.
 25572 | D:15     | Entered Level 15 of the Dungeon
 25611 | D:15     | Reached skill level 10 in Air Magic
 25778 | D:15     | Gained mutation: You are completely covered in molten
                  | scales. (AC +4, rF+) [demonic ancestry]
 25778 | D:15     | Reached XP level 15. HP: 119/119 MP: 26/29
 25989 | D:15     | Offered knowledge of Plasma Beam by Vehumet.
 25996 | D:15     | Reached skill level 10 in Fire Magic
 26033 | D:15     | Found a staircase to the Depths.
 26587 | Orc:1    | Entered Level 1 of the Orcish Mines
 26948 | Orc:1    | Noticed Harold
 26954 | Orc:1    | Killed Harold
 27198 | Orc:1    | Found a shimmering altar of Xom.
 27239 | Orc:2    | Entered Level 2 of the Orcish Mines
 27434 | Orc:2    | Found a staircase to the Elven Halls.
 27516 | Orc:2    | Found Suokhod's Jewellery Boutique.
 27590 | Orc:2    | Found Dotar's Antique Weapon Shoppe.
 27598 | Orc:2    | Offered knowledge of Fireball by Vehumet.
 27660 | Orc:2    | Found Quikh's Distillery.
 27677 | Orc:2    | Paralysed by something for 5 turns
 27756 | Orc:2    | Found Ynalle's Jewellery Boutique.
 27760 | Orc:2    | Found Elar Tap's Antique Weapon Boutique.
 27776 | Orc:2    | Found Moskekedgh's Book Shoppe.
 28238 | Snake:1  | Entered Level 1 of the Snake Pit
 28325 | Snake:1  | Noticed Louise
 28328 | Snake:1  | Killed Louise
 28331 | Snake:1  | Noticed Jorgrun
 28334 | Snake:1  | Killed Jorgrun
 28440 | Snake:1  | Noticed Aizul
 28447 | Snake:1  | Killed Aizul
 28831 | Snake:1  | You fall into a shaft and drop 1 floor!
 28910 | Snake:2  | Noticed Kirke
 28921 | Snake:2  | Killed Kirke
 28922 | Snake:2  | Gained mutation: You are completely covered in sharp
                  | spines. [demonic ancestry]
 28922 | Snake:2  | Reached XP level 16. HP: 100/127 MP: 16/31
 29146 | Snake:2  | Offered knowledge of Irradiate by Vehumet.
 29220 | Snake:2  | Learned a level 5 spell: Irradiate
 29478 | Snake:2  | Found Izxygoari's Self-Improvement Boutique.
 31185 | Snake:3  | Found Ipied's Jewellery Emporium.
 31186 | Snake:3  | Found Gaoxung's Book Shop.
 31188 | Snake:3  | Found Cerueble's Jewellery Emporium.
 31199 | Snake:3  | Bought the ring of Boamouse {Int+7 SInv} for 660 gold
                  | pieces
 31395 | Snake:3  | Noticed Vashnia
 31399 | Snake:3  | Killed Vashnia
 31779 | Snake:4  | Entered Level 4 of the Snake Pit
 31948 | Snake:4  | Offered knowledge of Orb of Destruction by Vehumet.
 32437 | Snake:4  | Identified the +7 chain mail of the Ghostly Swan {+Blink
                  | rF+ Stlth+}
 32495 | Snake:4  | Found a bloodstained altar of Trog.
 32706 | Snake:4  | Noticed Asterion
 32736 | Snake:4  | Killed Asterion
 32953 | Snake:4  | Reached XP level 17. HP: 133/133 MP: 28/33
 33348 | Snake:4  | Got a serpentine rune of Zot
 33648 | Shoals:1 | Entered Level 1 of the Shoals
 34145 | Shoals:1 | Reached ****** piety under Vehumet
 34145 | Shoals:1 | HP: 5/133 [snapping turtle (14)]
 34730 | Shoals:1 | Found a hide-covered altar of Uskayaw.
 34971 | Shoals:1 | Acquired a staff of conjuration
 35404 | Shoals:2 | Found a frozen archway.
 35406 | Shoals:2 | Offered knowledge of Conjure Ball Lightning by Vehumet.
 35652 | IceCv    | Entered an ice cave
 35766 | IceCv    | Found a transporter.
 35782 | IceCv    | Found a transporter.
 35936 | Shoals:2 | Identified the +1 long sword "Oriesk" {freeze, Drain Str+2
                  | Int+6}
 36232 | Shoals:2 | Identified the staff of fire "Nuic" {rF+ MP+9 Dex+5}
 37365 | Shoals:3 | Learned a level 8 spell: Ignition
 37445 | Shoals:3 | Reached XP level 18. HP: 140/140 MP: 35/35
 37491 | Shoals:3 | Acquired 1264 gold pieces
 37779 | Shoals:4 | Entered Level 4 of the Shoals
 37878 | Shoals:4 | Offered knowledge of Eringya's Noxious Bog by Vehumet.
 38184 | Shoals:4 | Got Weodorphi's Anthology of Curses
 38630 | Shoals:4 | Got a barnacled rune of Zot
 39087 | Vaults:1 | Entered Level 1 of the Vaults
 39460 | Vaults:1 | Noticed Nikola
 39469 | Vaults:1 | Killed Nikola
 39997 | Vaults:1 | Noticed Zenata
 40002 | Vaults:1 | Killed Zenata
 40801 | Vaults:2 | Reached XP level 19. HP: 143/146 MP: 37/37
 40802 | Vaults:2 | Offered knowledge of Fire Storm by Vehumet.
 40802 | Vaults:2 | Offered knowledge of Chain Lightning by Vehumet.
 40802 | Vaults:2 | Offered knowledge of Maxwell's Capacitive Coupling by
                  | Vehumet.
 40851 | Abyss:2  | Cast into level 2 of the Abyss (a wizard)
 40973 | Abyss:2  | Paralysed by a great orb of eyes for 2 turns
 41045 | Abyss:2  | Noticed a bone dragon
 41050 | Abyss:2  | Killed a bone dragon
 41212 | Abyss:2  | Reached skill level 15 in Conjurations
 41214 | Vaults:2 | Escaped the Abyss
 41305 | Vaults:2 | Found a magical portal.
 41314 | WizLab   | Entered The Hall of the Hellbinder
 41611 | WizLab   | Learned a level 8 spell: Maxwell's Capacitive Coupling
 41623 | WizLab   | Learned a level 9 spell: Chain Lightning
 41633 | WizLab   | Learned a level 9 spell: Fire Storm
 41776 | WizLab   | Identified the ring "Ivemm" {rF+ rN+}
 41797 | WizLab   | Noticed Koadazo
 41802 | WizLab   | Killed Koadazo the Hellbinder
 41813 | WizLab   | HP: 6/134 [rust devil (4)]
 42018 | WizLab   | Found a burning altar of Makhleb.
 42047 | WizLab   | Identified the ring "Laes" {rPois rC- rN+ Dex+7 Slay-3}
 42081 | WizLab   | Got Ywkua's Parchment of Summoning
 42082 | WizLab   | Identified the amulet "Ozxumecw" {RegenMP Rampage Str+4
                  | Int+2}
 42100 | WizLab   | Identified the ring "Ikaules" {Ice Str+3 Dex+6}
 42103 | WizLab   | Identified the amulet "Setror" {Faith rC++ Int-5}
 42282 | Vaults:2 | Identified the +9 longbow of Rotation {speed, *Corrode
                  | rPois rC+ Dex+3}
 42726 | Vaults:2 | Reached skill level 15 in Air Magic
 42798 | Vaults:2 | You fall into a shaft and drop 2 floors!
 42802 | Vaults:4 | Reached skill level 15 in Fire Magic
 42816 | Vaults:4 | Reached skill level 15 in Spellcasting
 42816 | Vaults:4 | Reached skill level 15 in Earth Magic
 42917 | Vaults:4 | Reached XP level 20. HP: 153/153 MP: 30/39
 43323 | Vaults:4 | Found Nuafuud's Magic Scroll Boutique.
 43490 | Vaults:4 | Paralysed by a great orb of eyes for 3 turns
 43611 | Vaults:4 | Identified the ring of Decet {Str+6 Dex+4}
 44107 | Vaults:3 | Found Beudotwe's Book Emporium.
 44115 | Vaults:3 | Bought a Necronomicon for 784 gold pieces
 44171 | Vaults:3 | Noticed Bai Suzhen
 44176 | Vaults:3 | Killed Bai Suzhen
 45704 | Elf:1    | Entered Level 1 of the Elven Halls
 45924 | Elf:1    | Got Sif Muna's Elucidation of the Familiar
 46029 | Elf:1    | Found a runed translucent gate.
 46029 | Elf:1    | Found a runed translucent gate.
 46029 | Elf:1    | Found a runed translucent gate.
 46100 | Elf:1    | Identified the +7 dagger of Moas {freeze, *Slow rElec
                  | rPois}
 46380 | Elf:1    | Found a runed translucent gate.
 46380 | Elf:1    | Found a runed translucent gate.
 46388 | Elf:1    | Found a runed translucent gate.
 46389 | Elf:1    | Noticed monsoonserge's ghost (adept SpEn)
 46402 | Elf:1    | Reached XP level 21. HP: 159/159 MP: 41/41
 46403 | Elf:1    | Killed monsoonserge's ghost
 46417 | Elf:1    | Got the Handbook of the Shadowy Quake
 46796 | Elf:2    | Noticed Azrael
 46797 | Elf:2    | Killed Azrael
 47296 | Elf:2    | Found a runed translucent gate.
 47296 | Elf:2    | Found a runed translucent gate.
 47300 | Elf:2    | Found a runed translucent gate.
 47998 | Elf:3    | Entered Level 3 of the Elven Halls
 48177 | Elf:3    | Identified the ring of Higeih {rC+ Will+}
 48187 | Elf:3    | Identified the +4 long sword "Kobloq" {heavy, Int-2 Dex+6}
 48292 | Elf:3    | Identified the +5 dagger of No Interval {drain, rCorr} (You
                  | took it off a deep elf death mage on level 3 of the Elven
                  | Halls)
 48317 | Elf:3    | Identified the +0 scale mail of Honesty {Contam Regen+
                  | Int+8 Slay-3}
 48320 | Elf:3    | Identified the staff of poison "Hogesyh" {Fragile rPois
                  | Str+2 SInv}
 48344 | Elf:3    | Identified the ring "Reniosux" {rPois Will+ Str+6}
 48351 | Elf:3    | Identified the staff of conjuration "Qiotogetau" {rPois
                  | Int+3}
 48455 | Elf:3    | Identified the +0 pair of gloves of Ru's Indignation {Harm
                  | rC++ MP+9 Str+3 Stlth-}
 48724 | Elf:3    | Found a runed translucent door.
 48751 | Elf:3    | Noticed cheesebisquit's ghost (veteran DjIE)
 49004 | Elf:3    | Killed cheesebisquit's ghost
 49937 | Vaults:2 | Found a staircase to the Crypt.
 50235 | Crypt:1  | Entered Level 1 of the Crypt
 50245 | Vaults:2 | Reached XP level 22. HP: 55/169 MP: 41/42
 51421 | Crypt:2  | Found a transporter.
 51649 | Crypt:2  | Found a transporter.
 52624 | Crypt:2  | Identified the amulet "Zuiroxo" {Regen+ Str+6}
 52649 | Crypt:2  | Identified the +2 pair of gloves of Pathos {rC+ Slay+2
                  | Stlth+}
 52684 | Crypt:3  | Entered Level 3 of the Crypt
 53869 | Crypt:3  | Identified the +3 dagger "Newtslayer" {heavy, rPois rCorr
                  | Stlth-}
 54747 | Crypt:3  | Identified the ring "Fofiovel" {rElec rC+ rN+ Will- MP+9}
 54940 | Crypt:3  | Identified the ring of Umil {rF+ rN+ Str+3 Int-2 Stlth+}
 55083 | Crypt:3  | Found a staircase to the Tomb.
 55642 | Crypt:3  | Identified the ring of Apegroq {rPois rN+ Dex+2}
 55648 | Crypt:3  | Identified the amulet "Zeilof" {Regen+ MP-9 Int+4 Stlth+}
 55652 | Crypt:3  | Got the Annotations on the Chill
 55663 | Crypt:3  | Got the Directory of Evolution
 55867 | Vaults:5 | Entered Level 5 of the Vaults
 55869 | Vaults:5 | Gained mutation: You are resistant to unholy torment.
                  | [demonic ancestry]
 55869 | Vaults:5 | Reached XP level 23. HP: 179/179 MP: 44/44
 55929 | Vaults:5 | Identified the +3 morningstar of Crystal {heavy, rF++
                  | Str+3}
 56029 | Vaults:5 | Got a silver rune of Zot
 56033 | Vaults:5 | Got the Disquisition on Non-Euclidean Immolation
 56034 | Vaults:5 | Identified the +10 dire flail of Tenacity {drain, Str+3}
 56037 | Vaults:5 | Reached skill level 15 in Fighting
 56730 | Vaults:5 | Identified the +8 flail of Iconoclasm {heavy, rC+ rN++}
 57498 | Vaults:5 | Identified the +2 triple sword "Dragonbane" {speed, Int+4}
 57502 | Vaults:5 | Identified the ring "Jeydiath" {+Blink rCorr EV+5 Str+2}
 57593 | Vaults:5 | Identified the staff of fire "Vodynleg" {rF+ Will+ rCorr}
 57628 | Vaults:5 | Acquired a +4 demon blade of venom
 57630 | Vaults:5 | Acquired 738 gold pieces
 58070 | Slime:1  | Entered Level 1 of the Pits of Slime
 58116 | Slime:1  | You fall into a shaft and drop 1 floor!
 58525 | Slime:4  | Found a viscous altar of Jiyva.
 58660 | Slime:5  | Entered Level 5 of the Pits of Slime
 58680 | Slime:5  | Gained mutation: A meltable icy envelope protects you from
                  | harm. (AC +8) [demonic ancestry]
 58680 | Slime:5  | Reached XP level 24. HP: 190/190 MP: 45/45
 58695 | Slime:5  | Noticed the Royal Jelly
 58698 | Slime:5  | Killed the Royal Jelly
 58838 | Slime:5  | Found the ring of Shadows {Umbra +Inv Stlth+}
 58860 | Slime:5  | Identified the +1 leather armour "Escheq" {Will+ Int+2}
 58874 | Slime:5  | Identified the +2 lajatang "Upsuol" {flame, rElec}
 58882 | Slime:5  | Identified the +6 demon blade of the Valley of Death
                  | {flame, Fragile Str+4 Int+3}
 58899 | Slime:5  | Identified the +6 arbalest of Cocytus {penet, rPois rF+ rN+
                  | Str+2}
 58940 | Slime:5  | Identified the +6 rapier of the Real Monster {antimagic,
                  | Fly Will+ Int-5}
 58946 | Slime:5  | Identified the +2 dire flail "Soorar" {speed, *Slow rPois
                  | Int+7}
 58948 | Slime:5  | Got a slimy rune of Zot
 58950 | Slime:5  | Identified the amulet "Oloewupp" {Faith rElec}
 59243 | Slime:5  | Acquired 883 gold pieces
 59660 | Depths:1 | Entered Level 1 of the Depths
 59845 | Depths:1 | Noticed Sojobo
 59847 | Depths:1 | Killed Sojobo
 59961 | Depths:1 | Found a gateway to Hell.
 60082 | Depths:1 | Identified the +0 robe of Card Tricks {rPois}
 60188 | Depths:1 | Found Katuid's Antique Armour Emporium.
 60190 | Depths:1 | Found Ecimemn's Antique Armour Emporium.
 60190 | Depths:1 | Found Xaopsess's Book Shoppe.
 60260 | Depths:1 | Found Jaoruvy's Antique Weapon Shoppe.
 60278 | Depths:1 | Found a one-way gateway to a ziggurat.
 60585 | Depths:1 | Bought a runed orb for 288 gold pieces
 60589 | Depths:1 | Bought a runed orb for 360 gold pieces
 61209 | Depths:2 | Found a one-way gate leading to the halls of Pandemonium.
 61535 | Depths:3 | Noticed turdburglar's ghost (veteran MiGl)
 61539 | Depths:3 | Found a transporter.
 61544 | Depths:3 | Found a transporter.
 61796 | Depths:3 | Noticed a juggernaut
 61797 | Depths:3 | Found a bloodstained altar of Trog.
 61964 | Depths:3 | Found an ancient bone altar of Kikubaaqudgha.
 62106 | Depths:4 | Entered Level 4 of the Depths
 62123 | Depths:4 | Found a stormy altar of Qazlal.
 62169 | Depths:4 | Found Wikk's Distillery.
 62479 | Depths:4 | Reached XP level 25. HP: 197/197 MP: 46/46
 62712 | Depths:4 | Found a gate to the Realm of Zot.
 62894 | Depths:4 | Found Zihadgh's Magic Scroll Boutique.
 63089 | Zot:1    | Entered Level 1 of the Realm of Zot
 63237 | Zot:1    | Noticed Parghit
 63240 | Zot:1    | Killed Parghit
 64280 | Zot:2    | Reached skill level 1 in Transmutations
 64281 | Zot:2    | Reached skill level 1 in Necromancy
 64342 | Zot:2    | Noticed an ancient lich
 64344 | Zot:2    | Killed an ancient lich
 64346 | Zot:2    | Reached skill level 5 in Necromancy
 65179 | Zot:2    | Learned a level 8 spell: Necromutation
 65217 | Zot:3    | Noticed an orb of fire
 65224 | Zot:3    | Killed an orb of fire
 65225 | Zot:3    | Reached skill level 5 in Transmutations
 65619 | Zot:3    | Reached skill level 10 in Necromancy
 65764 | Zot:3    | Gained mutation: You can hurl damnation. [demonic ancestry]
 65764 | Zot:3    | Reached XP level 26. HP: 204/204 MP: 46/46
 65773 | Zot:3    | Found the +4 dragonskin cloak
 65773 | Zot:3    | Noticed Tiamat
 65780 | Zot:3    | Killed Tiamat
 65969 | Zot:3    | You fall into a shaft and drop 1 floor!
 65969 | Zot:4    | Noticed an orb of fire
 65970 | Zot:4    | Gained mutation: You are frail. (-10% HP) [an orb of fire]
 65972 | Zot:4    | Killed an orb of fire
 65996 | Zot:4    | Identified the +7 spear of Luss {flame, rElec rC+ SInv}
 65997 | Zot:4    | Got the Precepts of The Black Sun
 66318 | Zot:4    | Reached skill level 15 in Necromancy
 66370 | Zot:4    | Noticed an orb of fire
 66373 | Zot:4    | Killed an orb of fire
 66878 | Zot:4    | Reached skill level 10 in Transmutations
 67247 | Zot:5    | Entered Level 5 of the Realm of Zot
 67604 | Zot:5    | Noticed an orb of fire
 67607 | Zot:5    | Killed an orb of fire
 67608 | Zot:5    | Noticed an orb of fire
 67609 | Zot:5    | Noticed a dread lich
 67609 | Zot:5    | Noticed an orb of fire
 67611 | Zot:5    | Killed a dread lich
 67612 | Zot:5    | Killed an ancient lich
 67612 | Zot:5    | Noticed an orb of fire
 67616 | Zot:5    | Killed an orb of fire
 67617 | Zot:5    | Killed an orb of fire
 67618 | Zot:5    | Killed an orb of fire
 67622 | Zot:5    | Gained mutation: A meltable icy envelope protects you from
                  | harm. (AC +8) [demonic ancestry]
 67622 | Zot:5    | Reached XP level 27. HP: 189/189 MP: 34/46
 67623 | Zot:5    | Noticed an ancient lich
 67625 | Zot:5    | Killed an ancient lich
 67625 | Zot:5    | Noticed a dread lich
 67627 | Zot:5    | Killed a dread lich
 67627 | Zot:5    | Noticed an ancient lich
 67628 | Zot:5    | Killed an ancient lich
 67680 | Zot:5    | Noticed an ancient lich
 67681 | Zot:5    | Killed an ancient lich
 67914 | Zot:5    | Identified the +2 dagger "Stringbean" {spect, rCorr Str+2
                  | Stlth+}
 68153 | Zot:5    | Lost mutation: You are frail. (-10% HP) [potion of
                  | mutation]
 68153 | Zot:5    | Gained mutation: Your muscles are strong. (Str +4, Int/Dex
                  | -1) [potion of mutation]
 68153 | Zot:5    | Gained mutation: You have a pair of small antennae on your
                  | head. [potion of mutation]
 68154 | Zot:5    | Lost mutation: Your muscles are strong. (Str +4, Int/Dex
                  | -1) [potion of mutation]
 68154 | Zot:5    | Lost mutation: You have a pair of small antennae on your
                  | head. [potion of mutation]
 68154 | Zot:5    | Gained mutation: You expend magic power (3 MP) to
                  | strengthen your wands. [potion of mutation]
 68154 | Zot:5    | Gained mutation: Your mind is acute. (Int +4, Str/Dex -1)
                  | [potion of mutation]
 68362 | Depths:1 | Noticed the Enchantress
 68365 | Depths:1 | Killed the Enchantress
 68694 | Tomb:1   | Entered Level 1 of the Tomb of the Ancients
 68897 | Tomb:1   | Noticed a royal mummy
 68900 | Tomb:1   | Killed a royal mummy
 69273 | Tomb:1   | Noticed a royal mummy
 69276 | Tomb:1   | Killed a royal mummy
 69840 | Tomb:2   | Noticed a royal mummy
 69841 | Tomb:2   | Noticed a royal mummy
 69842 | Tomb:2   | Noticed a royal mummy
 69842 | Tomb:2   | Noticed a royal mummy
 69846 | Tomb:2   | Killed a royal mummy
 69848 | Tomb:2   | Killed a royal mummy
 69857 | Tomb:2   | Killed a royal mummy
 69862 | Tomb:2   | Killed a royal mummy
 70501 | Tomb:2   | Identified the +3 quarterstaff of Trial by Ordeal {holy,
                  | Fly rC- Int+4 Dex+5}
 70714 | Tomb:1   | Noticed a royal mummy
 70716 | Tomb:1   | Killed a royal mummy
 70856 | Tomb:1   | Noticed a royal mummy
 70861 | Tomb:1   | Killed a royal mummy
 70908 | Tomb:1   | Noticed a royal mummy
 70913 | Tomb:1   | Killed a royal mummy
 71103 | Tomb:1   | Learned a level 2 spell: Blink
 71114 | Tomb:1   | Noticed a royal mummy
 71115 | Tomb:1   | Learned a level 9 spell: Death's Door
 71118 | Tomb:1   | Killed a royal mummy
 71137 | Tomb:1   | Noticed a royal mummy
 71139 | Tomb:1   | Killed a royal mummy
 71143 | Tomb:1   | Noticed a royal mummy
 71145 | Tomb:1   | Killed a royal mummy
 71148 | Tomb:1   | Noticed a royal mummy
 71151 | Tomb:1   | Killed a royal mummy
 71156 | Tomb:1   | Noticed a royal mummy
 71158 | Tomb:1   | Killed a royal mummy
 71378 | Tomb:1   | Noticed a royal mummy
 71383 | Tomb:1   | Killed a royal mummy
 71428 | Tomb:1   | Noticed a royal mummy
 71430 | Tomb:1   | Killed a royal mummy
 71487 | Tomb:1   | Learned a level 4 spell: Passage of Golubria
 71720 | Tomb:3   | Entered Level 3 of the Tomb of the Ancients
 71728 | Tomb:3   | Noticed a royal mummy
 71729 | Tomb:3   | Noticed a royal mummy
 71730 | Tomb:3   | Killed a royal mummy
 71732 | Tomb:3   | Killed a royal mummy
 71739 | Tomb:3   | Killed a royal mummy
 71758 | Tomb:3   | Noticed a royal mummy
 71761 | Tomb:3   | Killed a royal mummy
 71775 | Tomb:3   | Noticed a royal mummy
 71775 | Tomb:3   | Noticed a royal mummy
 71777 | Tomb:3   | Killed a royal mummy
 71777 | Tomb:3   | Killed a royal mummy
 71800 | Tomb:3   | Noticed a royal mummy
 71801 | Tomb:3   | Killed a royal mummy
 71803 | Tomb:3   | Noticed a royal mummy
 71805 | Tomb:3   | Killed a royal mummy
 71805 | Tomb:3   | Noticed a royal mummy
 71808 | Tomb:3   | Killed a royal mummy
 72156 | Tomb:3   | Identified the +6 sling of Disaster {freeze, Contam rElec
                  | rCorr Str+3}
 72220 | Tomb:3   | Identified the ring of Ezaahiuz {rPois SInv Stlth+}
 72223 | Tomb:3   | Identified the +8 quarterstaff of Action {heavy, Drain
                  | Dex+3 Stlth+}
 72251 | Tomb:3   | Identified the staff of death "Rakh" {rF+ rC+ rN+ Int-3
                  | Dex+3}
 72339 | Tomb:3   | Got a golden rune of Zot
 73342 | Zot:5    | Got the Orb of Zot
 73397 | Zot:5    | Noticed Yvvem the pandemonium lord
 73401 | Zot:5    | Killed Yvvem the pandemonium lord
 73451 | Zot:3    | Noticed Fiet the pandemonium lord
 73644 | Depths:4 | Reached skill level 1 in Evocations
 73649 | Depths:4 | Noticed Hoakuodgh the pandemonium lord
 73653 | Depths:4 | Killed Hoakuodgh the pandemonium lord
 73681 | Depths:2 | Noticed Ephaud the pandemonium lord
 73887 | D:13     | Noticed Solelun the pandemonium lord
 73907 | D:12     | Noticed Zacos the pandemonium lord
 73946 | D:11     | Noticed a seraph
 73950 | D:11     | Killed a seraph
 73951 | D:11     | Reached skill level 5 in Evocations
 73961 | D:10     | Noticed Jyomeodi the pandemonium lord
 73962 | D:10     | Killed Jyomeodi the pandemonium lord
 74283 | D:$      | Escaped with the Orb!

Illustrated notes

Levels and vault maps discovered:
D:1:      giann_forest_graveyard, layout_basic, serial_shops,
          nicolae_shop_behind_doors, shapermc_ecumenical_altar_mp_ritualfount,
          serial_forest, infiniplex_forest_end_double,
          infiniplex_forest_clump_tiny, infiniplex_forest_clump_small,
          infiniplex_forest_lined_ring, infiniplex_forest_lined_2,
          infiniplex_forest_join, infiniplex_forest_lined_2
D:2:      layout_loops_ring, dk_noncrumbling_4, uniq_crazy_yiuf_cottage
D:3:      layout_basic, serial_shops, shop, shop, shop, shop, amethyst_killhole,
          minmay_goblin_kobold_house
D:4:      layout_cave_pools, serial_shops, shop_coins, minmay_divided_ellipse,
          uniq_blork_the_orc
D:5:      layout_loops_cross, minmay_increasing_density, uniq_menkaure
D:6:      layout_rooms, minmay_temple_entry_enclosed_plants, uniq_edmund
D:7:      layout_basic, mainiacjoe_overflow_catch_the_wave, serial_shops,
          nicolae_shop_window_shopping, uniq_pikel, uniq_joseph
D:8:      gammafunk_the_bubble [the_bubble_gammafunk_plus_minus],
          layout_layer_cave, uniq_erica, uniq_amaemon
D:9:      layout_loops_ring
D:10:     layout_roguey, amcnicky_altar_gilded,
          mainiacjoe_overflow_large_starburst, dpeg_lair_monsters,
          minmay_misc_feat_cross, uniq_josephine
D:11:     layout_layer_cave, grunt_ministairs_13, nicolae_shop_i_like_big_books,
          nicolae_ru_path_of_blood, uniq_grum
D:12:     layout_cave_pools, orc_david_3, serial_shops, freezing_bzr,
          hellmonk_guarded_unrand_vitality_bloodlust
D:13:     layout_cross, hellmonk_bongcloud_opening, nemelex_diamond_rough_becter
D:14:     layout_roguey, ximxim_vaults_locker_room,
          nicolae_dithmenos_shadow_blocks, kennysheep_boxes
D:15:     hangedman_depths_entry_try_elsewhere_first, layout_loops_ring
Temple:   hellmonk_temple_divided_pantheon
Lair:1:   layout_roguey, infiniplex_staircase_pool, grunt_megastairs_4
Lair:2:   layout_misc_corridors, minmay_shoals_entry_lonely_mermaid,
          dummy_snake_entry, nicolae_volcano_entry_lava_flow,
          chequers_serial_rivers_small_b
Lair:3:   layout_cave_pods, amcnicky_altar_lugonu_corruption, grunt_megastairs_5
Lair:4:   layout_long_grid, lemuel_centaur_altar, uniq_urug
Lair:5:   due_jungle_book, layout_regular_city, minmay_slime_entry_pillars,
          dreamdust_mushroom_princess, nicolae_lair_grazing_beasts
          [nicolae_sub_lair_graze_edge, nicolae_sub_lair_graze_edge,
          nicolae_sub_lair_graze_edge, nicolae_sub_lair_graze_edge]
Shoals:1: layout_shoals, regret_index_shoals_crete
Shoals:2: cheibrodos_shoals_three_sisters, layout_shoals,
          portal_ice_cave_entry_ice_simulacra
Shoals:3: layout_shoals
Shoals:4: shoals_end_hangedman, layout_shoals, nicolae_shoals_water_shrine
Snake:1:  layout_chambers, drop_trap, uniq_aizul, uniq_jorgrun, uniq_louise
Snake:2:  layout_onion, nicolae_shop_self_help, grunt_megastairs_3, uniq_kirke
Snake:3:  layout_misc_corridors, corexii_hall_statues_s, minmay_shop_grove,
          serial_bayou_shore_b, uniq_vashnia
Snake:4:  grunt_snake_rune_pools, layout_cave_town, basic_altar,
          serial_bayou_pond_e, uniq_asterion
Slime:1:  layout_caves
Slime:2:  layout_caves
Slime:3:  layout_caves
Slime:4:  layout_caves, basic_altar
Slime:5
Orc:1:    layout_caves, basic_altar, hangedman_minor_magic, uniq_harold
Orc:2:    st_orc_open, layout_caves, serial_shops, nicolae_shop_trees, shop
Elf:1:    nicolae_elf_arrival_no_cutting_in_line, layout_rooms,
          ploomutoo_gammafunk_ghost_potion_laboratory, minmay_elf_demonology,
          hangedman_elf_simple_split, evilmike_minifort
Elf:2:    elven_hall_of_blades_hangedman_original [nicolae_blade_little_rooms],
          layout_geoelf_diagonals, roderic_roman_lattice, abandoned_shop,
          chequers_big_river, uniq_azrael
Elf:3:    grunt_elf_hall_spiral, layout_gridlike, gammafunk_ghost_grave
Vaults:1: nicolae_vaults_door_testing_chamber, nicolae_vaults_shelves_hall,
          nicolae_vaults_triangles, nicolae_vaults_offset_grid_hallway_2,
          nicolae_vaults_tangram_2, v_misc_25, v_misc_30,
          nicolae_vaults_double_plus_1, nicolae_vaults_diamond_2,
          nicolae_vaults_security_offices_6, v_misc_28,
          layout_vaults_maze_bifur, uniq_nikola, uniq_zenata
Vaults:2: mu_enter_wizlab_3, nicolae_vaults_closet_pinwheel_1,
          hangedman_vaults_stagger, nicolae_vaults_turnstiles,
          nicolae_vaults_tetromino_Z_2, nicolae_vaults_double_plus_3,
          ontoclasm_vaults_eye, v_pattern_3, ontoclasm_vaults_idyll,
          vaults_dpeg_cross, v_alt_pattern_5, vaults_room_pools,
          nicolae_vaults_tetromino_T_2, vaults_dpeg_diagonal,
          layout_vaults_omnicross, minmay_crypt_entry_simple_box
Vaults:3: v_rooms_1, hangedman_vaults_capsules,
          nicolae_vaults_windows_and_doors_thing,
          nicolae_vaults_yaktaur_gun_rack, nicolae_vaults_octothorpe,
          nicolae_vaults_tetromino_T_2, v_misc_10, nicolae_vaults_shelves_hall,
          vaults_room_hallway, layout_vaults_omnigrid, serial_shops, shop,
          uniq_bai_suzhen
Vaults:4: vaults_room_hallway, nicolae_vaults_specimen_jars,
          nicolae_vaults_puzzle_piece, hangedman_vaults_corner,
          vaults_room_pools, ontoclasm_vaults_pinch, nicolae_vaults_little_ls,
          nicolae_vaults_twisting_passages, nicolae_vaults_storage_closets_3,
          nicolae_vaults_trapezoid_1, nicolae_vaults_sesquioval_fish,
          grunt_vaults_funnel, nicolae_vaults_little_squares_2,
          ontoclasm_vaults_twist, layout_vaults_omnibox, serial_shops, shop
Vaults:5: serial_shops
Crypt:1:  layout_basic
Crypt:2:  gammafunk_sealed_arena, layout_gridlike, serial_co_window_serial,
          co_window_paths_a, co_window_paths_a, co_window_paths_b,
          co_window_corner_a, co_window_corner_a, co_window_paths_b,
          co_window_corner_a, co_window_of_opportunity_b,
          co_window_unsneaky_path_a, co_window_paths_c, co_window_4corner_b,
          glass_columns_a, glass_columns_c, glass_columns_a, glass_columns_b
Crypt:3:  due_elkab, layout_chaotic_city
Tomb:1
Tomb:2
Tomb:3
Depths:1: layout_basic, enter_ziggurat_d, abyss_entry, pf_coc_iceberg,
          dispersion_dpeg, minmay_shoptagon, firewood_loft, uniq_sojobo,
          uniq_enchantress
Depths:2: minmay_inner_zag, layout_cave_pools, grunt_hell_entry_dis_mu,
          grunt_pan_entry_sceptre
Depths:3: minmay_skeletal_surprise, layout_twisted_cross,
          minmay_room_of_horrors, hell_entry, minivault_14,
          gammafunk_ghost_wrathful_warriors, minmay_misc_feat_x,
          kiku_gazebo_garden_becter
Depths:4: grunt_crosshair, layout_gridville, hangedman_geh_valley, serial_shops,
          nicolae_shop_waterfront, nicolae_shop_window_shopping,
          nicolae_qazlal_general_emergency, minmay_fractal_squares_gapless_7
Zot:1:    layout_cathedral_of_symmetry, uniq_parghit
Zot:2:    layout_twisted_circle, nzn_random_ring
Zot:3:    layout_basic, hangedman_zot_spectrum
Zot:4:    dreamdust_black_sun_cult, layout_onion_interference
Zot:5:    layout_twisted_circle, skrybe_zot_glass_2

Skill      XL: |  1  2  3  4  5  6  7  8  9 10 11 12 13 14 15 16 17 18 19 20 21 22 23 24 25 26 27 |
---------------+----------------------------------------------------------------------------------+-----
Fighting       | 1 2 3 4 6 7 8 9 10 11 12 13 14 15 16 18 | 18.0
Conjurations   | 1 2 3 4 6 7 8 9 10 11 12 13 14 15 16 17 18 19 20 22 | 22.0
Earth Magic    | 3 4 5 6 7 8 9 10 11 12 13 14 15 16 | 16.0
Spellcasting   | 3 4 5 6 8 9 10 11 12 13 14 15 16 17 18 19 22 | 22.0
Air Magic      | 2 3 4 5 6 8 9 10 11 12 13 14 15 16 17 18 19 22 | 22.0
Fire Magic     | 2 3 4 5 6 7 8 9 11 12 13 14 15 16 17 18 19 22 | 22.0
Transmutations | 7 12 | 12.0
Necromancy     | 12 18 | 18.0
Evocations     | 7 |  7.1
Dodging        | |  1.7
Stealth        | |  1.7

Action                     |  1- 3 |  4- 6 |  7- 9 | 10-12 | 13-15 | 16-18 | 19-21 | 22-24 | 25-27 || total
---------------------------+-------+-------+-------+-------+-------+-------+-------+-------+-------++-------
  Melee: Short sword       |    44 |    14 |    31 |    52 |       |       |       |       |       ||   141
         Touch             |     6 |     6 |     7 |    26 |     5 |     2 |       |       |       ||    52
         Punch             |       |       |     2 |     2 |       |     1 |       |       |       ||     5
         Staff             |       |       |       |    16 |    22 |     4 |     1 |       |       ||    43
         Bo                |       |       |       |       |       |       |       |     2 |       ||     2
   Cast: Sandblast         |    38 |    81 |    56 |       |       |       |       |       |       ||   175
         Stone Arrow       |       |     5 |   114 |   286 |   392 |       |       |       |       ||   797
         Lee's Rapid Decon |       |       |       |       |    19 |     2 |       |       |       ||    21
         Iron Shot         |       |       |       |       |   238 |   354 |   279 |    40 |     1 ||   912
         Freezing Cloud    |       |       |       |       |    52 |    33 |       |       |       ||    85
         Irradiate         |       |       |       |       |       |    13 |       |       |       ||    13
         Ignition          |       |       |       |       |       |   144 |   145 |    12 |    14 ||   315
         Fire Storm        |       |       |       |       |       |       |    70 |   397 |   400 ||   867
         Chain Lightning   |       |       |       |       |       |       |    32 |    60 |   144 ||   236
         Necromutation     |       |       |       |       |       |       |       |       |    31 ||    31
         Blink             |       |       |       |       |       |       |       |       |     5 ||     5
Ability: End Transformatio |       |       |       |       |       |       |       |       |     1 ||     1
    Use: Potion            |       |     1 |       |       |       |     7 |     7 |    10 |     7 ||    32
         Scroll            |       |       |    16 |    10 |     2 |     8 |     5 |     4 |     1 ||    46
 Armour: Robe              |     7 |    12 |    33 |    40 |    80 |    82 |    31 |    10 |    13 ||   308
         Troll leather arm |       |       |       |    31 |    44 |       |       |       |       ||    75
  Dodge: Dodged            |    47 |    39 |    56 |   102 |   167 |   123 |    42 |    13 |    14 ||   603
  Block: Other             |       |     3 |    19 |    38 |    56 |    36 |    13 |     1 |       ||   166
         Orb               |       |       |       |       |       |       |       |       |     2 ||     2
